 Dungeon Crawl Stone Soup version 0.30-a0-782-ge64f9170bb (webtiles) character file.

Game seed: 11984676829426657240

297 Iscandelvey the Vexing (level 6, 44/44 HPs)
             Began as a Demonspawn Hexslinger on Feb 25, 2023.
             Quit the game on level 4 of the Dungeon.
             The game lasted 00:09:34 (3046 turns).

Iscandelvey the Vexing (Demonspawn Hexslinger)      Turns: 3046, Time: 00:09:35

Health: 44/44      AC:  4    Str: 16    XL:     6   Next: 12%
Magic:  9/9        EV: 13    Int: 16    God:
Gold:   15         SH:  0    Dex: 22    Spells: 9/10 levels left

rFire   . . .      SeeInvis .    n - +0 whip (elec)
rCold   . . .      Faith    .    (no shield)
rNeg    . . .      Spirit   +    v - +0 troll leather armour
rPois   .          Reflect  .    (no helmet)
rElec   .          Harm     .    (no cloak)
rCorr   .          Rampage  .    (no gloves)
Will    .....                    (no boots)
Stlth   +++                      (no amulet)
HPRegen 1.07/turn                f - +6 ring of strength
MPRegen 0.22/turn                q - +6 ring of dexterity

@: no status effects
A: thin skeletal structure 1, spiny 1, magic shield, magic regeneration
a: no special abilities


You were on level 4 of the Dungeon.
You visited 1 branch of the dungeon, and saw 5 of its levels.

You collected 231 gold pieces.
You spent 216 gold pieces at shops.

Inventory:

Hand Weapons
 a - a +1 sling
 c - the +2 morningstar "Amoeffakinn" {pain, rElec rPois Int+5 Stlth-}
   (You bought it in a shop on level 4 of the Dungeon)

   Int:       It affects your intelligence (+5).
   rElec:     It insulates you from electricity.
   rPois:     It protects you from poison.
   Stlth:     It makes you less stealthy.
 n - a +0 whip of electrocution (weapon)
Missiles
 s - 6 boomerangs
Armour
 v - a +0 troll leather armour (worn)
Jewellery
 f - a +6 ring of strength (left hand)
 q - a +6 ring of dexterity (right hand)
Wands
 r - a wand of paralysis (10)
Scrolls
 b - 3 scrolls of poison
 d - a scroll of enchant weapon {unknown}
 g - a scroll of brand weapon {unknown}
 i - 3 scrolls of amnesia {unknown}
 k - a scroll of silence {unknown}
 l - 2 scrolls of identify {unknown}
 m - a scroll of immolation {unknown}
Potions
 e - a potion of cancellation {unknown}
 h - a potion of degeneration {unknown}
 j - a potion of brilliance {unknown}
 o - a potion of flight {unknown}
 p - a potion of mutation {unknown}
 t - 4 potions of lignification {unknown}
 u - a potion of invisibility {unknown}
 w - a potion of heal wounds {unknown}


   Skills:
 - Level 2.0 Fighting
 * Level 2.8 Ranged Weapons
 + Level 1.0 Armour
 + Level 2.8 Dodging
 + Level 1.2 Stealth
 * Level 2.6 Spellcasting
 * Level 4.1 Hexes


You had 9 spell levels left.
You knew the following spells:

 Your Spells              Type           Power      Damage    Failure   Level
a - Slow                  Hex            60%        N/A       4%          1

Your spell library contained the following spells:

 Spells                   Type           Power      Damage    Failure   Level
 Inner Flame              Hex/Fire       8%         N/A       30%         3
 Portal Projectile        Hex/Tloc       16%        N/A       30%         3
 Cause Fear               Hex            7%         N/A       38%         4
 Summon Ice Beast         Ice/Summ       2%         N/A       94%         4
 Summon Mana Viper        Hex/Summ       8%         N/A       95%         5
 Monstrous Menagerie      Summ           1%         N/A       100%        7


Dungeon Overview and Level Annotations

Branches:
Dungeon (5/15)
 Temple: D:4-7

Altars:
Nemelex Xobeh

Shops:
D:4 (

Annotations:
D:4 Blork the orc


Innate Abilities, Weirdness & Mutations

You have a somewhat thin skeletal structure. (Dex +2, Stealth+)
You are partially covered in sharp spines.
When hurt, damage is shared between your health and your magic reserves.
You regenerate magic rapidly.


Message History

Aiming: Slow (safe; 4% risk of failure)
Press: ? - help, Shift-Dir - straight line, f/p - ogre
Aim: an ogre, wielding a +0 giant club (moderately wounded, chance to affect: 48%)
The ogre resists with some effort.
The ogre hits you with a +0 giant club!!
Ouch! That really hurt!
The ogre attacks as you move away! The ogre barely misses you.
There is an open door here.
Things that are here:
a +0 spear; a gnoll corpse The ogre attacks as you move away!
The ogre closely misses you.
Casting: Slow (safe; 4% risk of failure)
Confirm with . or Enter, or press ? or * to list all spells.
Aiming: Slow (safe; 4% risk of failure)
Press: ? - help, Shift-Dir - straight line, f/p - ogre
Aim: an ogre, wielding a +0 giant club (moderately wounded, chance to affect: 48%)
The ogre seems to slow down.
The ogre is no longer moving slowly.
Fire: a) +1 sling
Press: ? - help, Q - select action, (/) - cycle Shift-Dir - straight line, f/p - ogre
Aim: an ogre, wielding a +0 giant club (moderately wounded, 77% to hit)
You shoot a sling bullet. The sling bullet hits the ogre.
The ogre is heavily wounded.
Fire: a) +1 sling
Press: ? - help, Q - select action, (/) - cycle Shift-Dir - straight line, f/p - ogre
Aim: an ogre, wielding a +0 giant club (heavily wounded, 77% to hit)
You shoot a sling bullet. The sling bullet hits the ogre!
The ogre is almost dead.
You hear the crackle of electricity.
n - a +0 whip of electrocution (weapon)
The ogre barely misses you.
You hit the ogre.
You kill the ogre!
Your Armour skill increases to level 1!
You have reached level 6!
Your demonic ancestry asserts itself...
Sharp spines emerge from parts of your body.
Things that are here:
a +0 giant club; an ogre corpse Are you sure you want to abandon this character and quit the game? (Confirm with "yes".)

### #.### #...########
#.#........#
#############.#......#.#
#......).@.....#.###.#.#
#.########...........#.###
#.#...##.'...........#....
##.#.#)##.#...........#....
#..#.#.##.#........†..#....
##.#.#....#........).......
#.#.######......).>.......
##.#.# #........#......♣..
#....# #........#.....♣.♣.


There were no monsters in sight!

Vanquished Creatures
  An ogre (D:4)
  A scorpion (D:3)
  An orc priest (D:3)
  An orc wizard (D:3)
  A gnoll (D:4)
  4 adders
  A dart slug (D:2)
  4 orcs (D:3)
  2 ball pythons
  5 bats
  3 endoplasms
  4 giant cockroaches
  5 goblins
  5 hobgoblins
  5 kobolds
  2 quokkas
  6 frilled lizards
  A rat (D:1)
52 creatures vanquished.

Vanquished Creatures (others)
  6 plants (D:4)
6 creatures vanquished.

Grand Total: 58 creatures vanquished

Notes
Turn   | Place    | Note
-------+----------+-------------------------------------------
     0 | D:1      | Iscandelvey the Demonspawn Hexslinger began the quest for
                  | the Orb.
     0 | D:1      | Reached XP level 1. HP: 15/15 MP: 2/2
   365 | D:1      | Gained mutation: You regenerate magic rapidly. [demonic
                  | ancestry]
   365 | D:1      | Reached XP level 2. HP: 18/21 MP: 3/3
  1289 | D:2      | Reached XP level 3. HP: 26/26 MP: 5/5
  1553 | D:3      | Gained mutation: When hurt, damage is shared between your
                  | health and your magic reserves. [demonic ancestry]
  1553 | D:3      | Reached XP level 4. HP: 16/33 MP: 6/6
  2390 | D:3      | Found a sparkling altar of Nemelex Xobeh.
  2641 | D:4      | Noticed a scorpion
  2697 | D:4      | Noticed Blork the orc
  2697 | D:4      | Noticed a scorpion
  2779 | D:3      | Killed a scorpion
  2780 | D:3      | Gained mutation: You have a somewhat thin skeletal
                  | structure. (Dex +2, Stealth+) [demonic ancestry]
  2780 | D:3      | Reached XP level 5. HP: 37/38 MP: 6/8
  2827 | D:5      | Entered Level 5 of the Dungeon
  2841 | D:4      | Found Tiuqiqab's Antique Weapon Shop.
  2867 | D:4      | Bought a warped morningstar for 216 gold pieces
  2867 | D:4      | Identified the +2 morningstar "Amoeffakinn" {pain, rElec
                  | rPois Int+5 Stlth-} (You bought it in a shop on level 4 of
                  | the Dungeon)
  2984 | D:4      | Reached skill level 1 in Stealth
  2984 | D:4      | Reached skill level 4 in Hexes
  3005 | D:4      | Noticed an ogre
  3042 | D:4      | Killed an ogre
  3043 | D:4      | Reached skill level 1 in Armour
  3043 | D:4      | Gained mutation: You are partially covered in sharp spines.
                  | [demonic ancestry]
  3043 | D:4      | Reached XP level 6. HP: 44/44 MP: 9/9
  3046 | D:4      | Quit the game

Illustrated notes

Levels and vault maps discovered:
D:1:      saegor_arrival_fortress, layout_basic
D:2:      layout_loops_corners
D:3:      layout_basic, marbit_many_paths, moated_statue
D:4:      layout_basic, serial_shops, nicolae_diamond_shop, serial_bayou_lake_a,
          uniq_blork_the_orc, uniq_duvessa
D:5:      layout_rooms, nicolae_wu_jian_wuxing_cycle,
          mainiacjoe_overflow_two_lobes, dk_noncrumbling_2

Skill      XL: |  1  2  3  4  5 |
---------------+----------------+-----
Ranged Weapons | 2 |  2.8
Dodging        | 2 |  2.8
Fighting       | 2 |  2.0
Spellcasting   | 2 |  2.6
Stealth        | 1 |  1.2
Hexes          | 4 |  4.1
Armour         | 1 |  1.0

Action                     |  1- 3 |  4- 6 || total
---------------------------+-------+-------++-------
  Melee: Whip              |     8 |    89 ||    97
         Punch             |       |     6 ||     6
   Fire: Sling             |    56 |    28 ||    84
   Cast: Slow              |       |     9 ||     9
   Stab: Sleeping          |       |     1 ||     1
 Armour: Robe              |     3 |       ||     3
         Leather armour    |       |    10 ||    10
         Troll leather arm |       |    17 ||    17
  Dodge: Dodged            |    17 |    80 ||    97

Table legend: (Time is in decaauts)
 A = Elapsed time spent in this place.
 B = Non-inter-level travel time spent in this place.
 C = Inter-level travel time spent in this place.
 D = Time resting spent in this place.
 E = Time spent auto-exploring this place.
 F = Levels seen in this place.
 G = Mean time per level.
                   A        B        C        D        E       F      G
               +--------+--------+--------+--------+--------+-----+--------+
         Total |   3079 |   2924 |    155 |    135 |   2289 |   5 |  615.8 |
       Dungeon |   3079 |   2924 |    155 |    135 |   2289 |   5 |  615.8 |
               +--------+--------+--------+--------+--------+-----+--------+

Top non-repeatable levels by time:
     D:3: 1270 daAuts
     D:2: 768 daAuts
     D:1: 744 daAuts
     D:4: 273 daAuts
     D:5: 22 daAuts
